 Dungeon Crawl Stone Soup version 0.29-a0-284-gf9362112df (webtiles) character file.

Game seed: 9252814421588314626

60 Dabor the Cudgeller (level 4, -1/28 HPs)
             Began as a Gargoyle Gladiator on Mar 14, 2022.
             Slain by Sigmund
             ... wielding a +0 scythe
              (4 damage)
             ... on level 2 of the Dungeon.
             The game lasted 00:02:02 (1468 turns).

Dabor the Cudgeller (Gargoyle Gladiator)            Turns: 1468, Time: 00:02:03

Health: -1/28      AC:  8    Str: 19    XL:     4   Next: 6%
Magic:  4/4        EV: 12    Int:  9    God:
Gold:   95         SH:  0    Dex: 11    Spells: 3/3 levels left

rFire   . . .      SeeInvis .   a - +0 flail
rCold   . . .      Faith    .   (no shield)
rNeg    + . .      Spirit   .   b - +0 leather armour
rPois   ∞          Reflect  .   c - +0 helmet
rElec   +          Harm     .   (no cloak)
rCorr   .          Rampage  .   o - +0 pair of gloves
Will    .....                   (no boots)
Stlth   +.........              (no amulet)
HPRegen 0.09/turn               (no ring)
MPRegen 0.09/turn               (no ring)

@: no status effects
A: sickness immunity, AC +3, negative energy resistance 1, electricity
resistance, torment resistance 1, petrification resistance
a: no special abilities


You were on level 2 of the Dungeon.
You visited 1 branch of the dungeon, and saw 2 of its levels.

You collected 95 gold pieces.

Inventory:

Hand Weapons
 a - a +0 flail (weapon)
Missiles
 d - 3 throwing nets (quivered)
 e - a javelin
Armour
 b - a +0 leather armour (worn)
 c - a +0 helmet (worn)
 o - a +0 pair of gloves (worn)
Jewellery
 i - a ring of fire
 p - a ring of magical power
Scrolls
 f - 4 scrolls of identify {unknown}
 j - 3 scrolls of magic mapping {unknown}
 l - a scroll of enchant weapon {unknown}
Potions
 g - a potion of flight {unknown}
 h - 2 potions of curing {unknown}
 k - 3 potions of resistance {unknown}
 m - a potion of berserk rage {unknown}
 n - a potion of brilliance {unknown}


   Skills:
 + Level 3.0 Fighting
 + Level 3.5 Maces & Flails
 + Level 2.4 Throwing
 + Level 2.9 Dodging


You had 3 spell levels left.
You didn't know any spells.
Your spell library contained the following spells:

 Spells                   Type           Power      Damage    Failure   Level
 Apportation              Tloc           0%         N/A       43%         1
 Alistair's Intoxication  Tmut/Pois      0%         N/A       100%        5


Dungeon Overview and Level Annotations

Branches:
Dungeon (2/15)

Altars:

Annotations:
D:2 Sigmund


Innate Abilities, Weirdness & Mutations

You are immune to sickness and miasma.
Your stone body is resilient. (AC +3)
You are immune to poison.
You resist negative energy. (rN+)
You are resistant to electric shocks. (rElec)
You are resistant to unholy torment.
You are immune to petrification.


Message History

You kill the endoplasm!
Your Fighting skill increases to level 3!
No target in view!
No target in view!
Sigmund the Dreaded comes into view.
He is wielding a +0 scythe.
Sigmund moves out of view.
Sigmund hits you but does no damage.
Sigmund is nearby!
You hit Sigmund.
Sigmund is lightly wounded.
Sigmund hits you with a +0 scythe.
You sock Sigmund!
Sigmund is heavily wounded.
Sigmund screams, "You will never...
NEVER!!!"
Sigmund closely misses you.
You hit Sigmund but do no damage.
Sigmund is heavily wounded.
Sigmund casts a spell.
Sigmund flickers and vanishes!
Deactivating autopickup; reactivate with Ctrl-A.
No target in view!
No target in view!
No target in view!
You hit something.
You hear some strange, mumbled words.
A puff of flame appears from out of thin air!
The puff of flame hits you!
You barely miss something. Something hits you but does no damage.
You barely miss something.
You hear some strange, mumbled words.
A puff of flame appears from out of thin air!
The puff of flame hits you.
You sock something! Something hits you.
* * * LOW HITPOINT WARNING * * *
You barely miss something. Something hits you.
* * * LOW HITPOINT WARNING * * *
You hit something but do no damage. Something hits you.
* * * LOW HITPOINT WARNING * * *
You barely miss something. Something hits you.
You die...

#........#...##........#......
#...........###........#..)...
#.......##### #........#......
.......<+ .. .........#.##...
........# #. .........#.#####
...###### #. ...........# ..
#. ...##...### # ######.####
##..# .......@..# #..#
######{##.#####..#
#..........># #####.#######
...# ############# #......#
#......# ######......#####


There were no monsters in sight!

Vanquished Creatures
  A hound (D:2)
  A worm (D:2)
  2 dart slugs (D:1)
  4 bats (D:1)
  4 endoplasms
  A goblin (D:1)
  3 kobolds (D:1)
  2 ball pythons (D:1)
  2 frilled lizards
  A rat (D:1)
21 creatures vanquished.

Notes
Turn   | Place    | Note
-------+----------+-------------------------------------------
     0 | D:1      | Dabor the Gargoyle Gladiator began the quest for the Orb.
     0 | D:1      | Reached XP level 1. HP: 12/12 MP: 1/1
   305 | D:1      | Reached XP level 2. HP: 15/18 MP: 2/2
  1067 | D:1      | Reached XP level 3. HP: 22/22 MP: 3/3
  1100 | D:2      | Noticed a floating eye
  1104 | D:2      | Found a faded altar of an unknown god.
  1106 | D:2      | Noticed a floating eye
  1106 | D:2      | Noticed a golden eye
  1106 | D:2      | Noticed a golden eye
  1244 | D:2      | Reached XP level 4. HP: 27/27 MP: 4/4
  1456 | D:2      | Noticed Sigmund
  1468 | D:2      | Slain by Sigmund

Illustrated notes

Levels and vault maps discovered:
D:1:      dpeg_arrival_pits, layout_loops_ring, chequers_serial_rivers_micro_d,
          minmay_tall_x
D:2:      layout_basic, hellmonk_ecumenical_altar_watching_god,
          minmay_misc_feat_alley, lemuel_flame_loot_1, uniq_sigmund

Skill      XL: |  1  2  3  4 |
---------------+-------------+-----
Throwing       | 2 |  2.4
Fighting       | 3 |  3.0
Maces & Flails | |  3.5
Dodging        | |  2.9

Action                   |  1- 3 |  4- 6 || total
-------------------------+-------+-------++-------
Melee: Flail             |    63 |    13 ||    76
       Punch             |     2 |       ||     2
 Stab: Sleeping          |     1 |       ||     1
       Distracted        |     1 |       ||     1
Armor: Leather armour    |    45 |     4 ||    49
Dodge: Dodged            |    57 |     2 ||    59

Table legend: (Time is in decaauts)
 A = Elapsed time spent in this place.
 B = Non-inter-level travel time spent in this place.
 C = Inter-level travel time spent in this place.
 D = Time resting spent in this place.
 E = Time spent auto-exploring this place.
 F = Levels seen in this place.
 G = Mean time per level.
                   A        B        C        D        E       F      G
               +--------+--------+--------+--------+--------+-----+--------+
         Total |   1485 |   1457 |     28 |      0 |   1248 |   2 |  742.5 |
       Dungeon |   1485 |   1457 |     28 |      0 |   1248 |   2 |  742.5 |
               +--------+--------+--------+--------+--------+-----+--------+

Top non-repeatable levels by time:
     D:1: 1110 daAuts
     D:2: 374 daAuts
